 Dungeon Crawl Stone Soup version 0.30.1 (webtiles) character file.

Game seed: 1711259547572298626

305 spardeous the Ducker (level 6, -4/24 HPs)
             Began as a Felid Earth Elementalist on July 14, 2023.
             Shot with an arrow by a centaur (8 damage)
             ... on level 5 of the Dungeon.
             The game lasted 00:06:24 (3100 turns).

spardeous the Ducker (Felid Earth Elementalist)     Turns: 3100, Time: 00:06:25

Health: -4/24      AC:  2    Str:  4    XL:     6   Next: 15%
Magic:  8/10       EV: 20    Int: 19    God:
Gold:   160        SH:  0    Dex: 16    Spells: 8/9 levels left
                                        Lives:  0   Deaths: 1

rFire   . . .        (weapon unavailable)
rCold   . . .        (shield unavailable)
rNeg    + . .        (body armour unavailable)
rPois   +            (helmet unavailable)
rElec   .            (cloak unavailable)
rCorr   .            (gloves unavailable)
SInv    +            (boots unavailable)
Will    .....        (no amulet)
Stlth   ++           e - ring of poison resistance
HPRegen 0.24/turn    i - ring of positive energy
MPRegen 0.12/turn

%: no passive effects
@: quick
A: very small, claws 1, fangs 3, see invisible, speed 1, shaggy fur 2, stealthy
paws, no weapons or thrown items, no armour, multi-lived
a: no special abilities


You were on level 5 of the Dungeon.
You visited 2 branches of the dungeon, and saw 6 of its levels.

You collected 160 gold pieces.

Inventory:

Jewellery
 e - a ring of poison resistance (left paw)
 i - a ring of positive energy (right paw)
Scrolls
 c - 2 scrolls of teleportation {unknown}
 d - a scroll of enchant armour {unknown}
 f - 2 scrolls of identify {unknown}
 h - a scroll of immolation {unknown}
Potions
 a - 2 potions of magic
 b - 2 potions of degeneration {unknown}
 g - a potion of brilliance {unknown}
 j - a potion of berserk rage {unknown}


   Skills:
 + Level 6.7 Dodging
 - Level 2.6 Stealth
 - Level 2.0 Spellcasting
 - Level 1.1 Transmutations
 + Level 5.1 Earth Magic


You had 8 spell levels left.
You knew the following spells:

 Your Spells              Type           Power      Damage    Failure   Level
a - Sandblast             Erth           42%        2d11      1%          1

Your spell library contained the following spells:

 Spells                   Type           Power      Damage    Failure   Level
 Passwall                 Tmut/Erth      10%        N/A       7%          2
 Stone Arrow              Conj/Erth      22%        3d8       19%         3
 Petrify                  Tmut/Erth      13%        N/A       43%         4
 Dazzling Flash           Conj/Hex       2%         N/A       45%         3
 Frozen Ramparts          Ice            2%         1d1       45%         3
 Ice Form                 Ice/Tmut       3%         N/A       80%         4
 Summon Ice Beast         Ice/Summ       1%         N/A       86%         4
 Agony                    Necr           1%         N/A       99%         5
 Silence                  Hex/Air        0%         N/A       99%         5


Dungeon Overview and Level Annotations

Branches:
Dungeon (5/15)             Temple (1/1) D:4

Altars:
Ashenzari
Dithmenos
Elyvilon
Hepliaklqana
Makhleb
Nemelex Xobeh
Okawaru
Qazlal
Wu Jian
Zin
The Shining One

Annotations:
D:4 Blork the orc


Innate Abilities, Weirdness & Mutations

You have sharp claws.
You have razor-sharp teeth.
You have supernaturally acute eyesight. (SInv)
You cover ground quickly. (Speed+)
You are covered in thick fur. (AC +2)
Your paws help you pounce on unaware monsters.
You are incapable of wielding weapons or throwing items.
You cannot wear armour.
You gain extra lives every three experience levels.


Message History

Press: ? - help, Shift-Dir - straight line, f/p - phantom
Aim: a phantom (severely damaged, 76% to hit)
The blast of sand hits the phantom!
You destroy the phantom!
Your Earth Magic skill increases to level 5!
You have reached level 6!
Your fur grows into a thick mane.
A centaur comes into view.
Found 4 stones.
A centaur is nearby!
An ogre comes into view. It is wielding a +0 giant club.
Found a scroll labelled OFALEN ANOIGOXT.
The ogre shouts!
You hear a shout!
The centaur wields a +0 shortbow.
The centaur shoots an arrow.
The arrow barely misses you.
The centaur shoots an arrow.
The arrow completely misses you.
You start waiting.
A centaur is nearby!
Casting: Sandblast (safe; 1% risk of failure)
Confirm with . or Enter, or press ? or * to list all spells.
Aiming: Sandblast (safe; 1% risk of failure)
Press: ? - help, Shift-Dir - straight line, f - centaur
Aim: a centaur, wielding a +0 shortbow (90% to hit)
The blast of sand hits the centaur!
The centaur is heavily wounded.
The centaur shoots an arrow.
The arrow hits you!
The centaur shoots an arrow.
The arrow completely misses you.
Casting: Sandblast (safe; 1% risk of failure)
Confirm with . or Enter, or press ? or * to list all spells.
Aiming: Sandblast (safe; 1% risk of failure)
Press: ? - help, Shift-Dir - straight line, f/p - centaur
Aim: a centaur, wielding a +0 shortbow (moderately wounded, 90% to hit)
The blast of sand hits the centaur!
The centaur is almost dead.
The centaur shoots an arrow.
The arrow hits you!
Ouch! That really hurt!
* * * LOW HITPOINT WARNING * * *
The centaur shoots an arrow.
The arrow closely misses you.
The centaur shoots an arrow.
The arrow hits you!
You die...

...# ...############
..............##############
...##########..............#
...#### ###########...##
......# ###..### ...##.##
#......#
#####..#############......#
................@.........#
######.############cO.....#
#...# #.......# .......
#..|....# .........#
#.......# #.........#
###c......# #.........#
#.........#
#..............####.####
#.............. #.#


You could see an ogre and a centaur.

Vanquished Creatures
  A phantom (D:5)
  2 scorpions (D:4)
  A hound (D:4)
  An iguana (D:5)
  2 orc wizards (D:4)
  2 adders (D:4)
  3 worms
  2 dart slugs
  3 orcs (D:4)
  5 endoplasms
  3 giant cockroaches
  4 goblins
  6 hobgoblins
  4 jackals (D:3)
  3 kobolds
  2 quokkas
  A ball python (D:2)
  4 bats
  2 frilled lizards
  A rat (D:3)
52 creatures vanquished.

Notes
Turn   | Place    | Note
-------+----------+-------------------------------------------
     0 | D:1      | spardeous the Felid Earth Elementalist began the quest for
                  | the Orb.
     0 | D:1      | Reached XP level 1. HP: 7/7 MP: 4/4
   250 | D:1      | Reached skill level 3 in Dodging
   472 | D:2      | Reached XP level 2. HP: 11/11 MP: 1/6
   867 | D:3      | Reached XP level 3. HP: 14/14 MP: 2/7
   948 | D:3      | Reached skill level 4 in Dodging
  1430 | D:4      | Noticed a scorpion
  1629 | D:4      | Killed a scorpion
  1630 | D:4      | Reached skill level 5 in Dodging
  1630 | D:4      | Reached XP level 4. HP: 6/18 MP: 3/8
  1825 | D:4      | Reached XP level 5. HP: 21/21 MP: 5/9
  1985 | D:4      | Noticed Blork the orc
  2054 | D:4      | Found a staircase to the Ecumenical Temple.
  2422 | D:4      | Slain by a scorpion
  2423 | D:4      | Reached XP level 4. HP: -1/18 MP: 3/8
  2477 | D:4      | Killed a scorpion
  2478 | D:4      | Reached XP level 5. HP: 12/21 MP: 5/9
  2549 | Temple   | Entered the Ecumenical Temple
  2816 | D:4      | Reached skill level 6 in Dodging
  2905 | D:5      | Entered Level 5 of the Dungeon
  3031 | D:5      | Noticed a phantom
  3038 | D:5      | Killed a phantom
  3039 | D:5      | Reached skill level 5 in Earth Magic
  3039 | D:5      | Gained mutation: You are covered in thick fur. (AC +2)
                  | [Felid growth]
  3039 | D:5      | Reached XP level 6. HP: 20/24 MP: 4/10
  3100 | D:5      | Shot with an arrow by a centaur

Illustrated notes

Levels and vault maps discovered:
D:1:      zaba_arrival_water, layout_basic, serial_shops, shop,
          chequers_ecumenical_altar_island
D:2:      layout_basic
D:3:      layout_loops_ring
D:4:      layout_rooms, minmay_temple_entry_mini_moons, uniq_blork_the_orc
D:5:      layout_rooms, lemuel_coloured_pillars_altar
Temple:   minmay_temple_curvy_loop

Skill      XL: |  1  2  3  4  5 |
---------------+----------------+-----
Dodging        | 3 5 6 |  6.7
Earth Magic    | 3 4 5 |  5.1
Stealth        | |  2.6
Spellcasting   | |  2.0
Transmutations | |  1.1

Action                     |  1- 3 |  4- 6 || total
---------------------------+-------+-------++-------
   Cast: Sandblast         |    80 |    44 ||   124
 Armour: Skin              |     1 |       ||     1
  Dodge: Dodged            |    27 |    22 ||    49
